 Dungeon Crawl Stone Soup version 0.23.2-1-ga50397a (webtiles) character file.

Game seed: 1898796935106325304

407758 TrebMcFLY the Bludgeoner (level 23, -4/147 HPs)
             Began as a Gargoyle Fighter on May 27, 2019.
             Was a High Priest of Okawaru.
             Killed from afar by an ice dragon (40 damage)
             ... with a blast of cold
             ... on level 4 of the Depths on May 28, 2019.
             The game lasted 04:54:10 (60383 turns).

TrebMcFLY the Bludgeoner (Gargoyle Fighter)        Turns: 60383, Time: 04:54:10

Health: -4/147     AC: 51    Str: 38    XL:     23   Next: 44%
Magic:  24/34      EV: 18    Int: 11    God:    Okawaru [*****.]
Gold:   4504       SH: 35    Dex: 13    Spells: 28/33 levels left

rFire    + + .     SeeInvis +   A - +10 eveningstar "Ubrulop" {freeze, +Rage rF- SInv Stlth+}
rCold    . . .     Gourm    +   Z - +9 large shield of Protective Custody {+Fly}
rNeg     + . .     Faith    .   V - +1 plate armour {MR+}
rPois    ∞         Spirit   .   L - +0 helmet of the Storm King {rF+++ MR- Str+7}
rElec    +         Reflect  .   M - scarf {repulsion}
rCorr    .         Harm     .   q - +2 pair of gloves {Str+3}
MR       ++...                  u - +0 pair of boots
Stlth    ..........             E - amulet of Osia {Gourm Dex+4}
HPRegen  0.34/turn              r - ring of protection from magic
MPRegen  0.24/turn              R - +5 ring of protection

@: heroism, finesse, berserk cooldown, flying, slowed, repel missiles, very slow
A: big wings, negative energy resistance 1, electricity resistance, unbreathing,
petrification resistance, rot immunity, AC +17
}: 2/15 runes: decaying, gossamer
a: Stop Flying, Heroism, Finesse, Renounce Religion, Evoke Berserk Rage


You were on level 4 of the Depths.
You worshipped Okawaru.
Okawaru was extremely pleased with you.
You were full.

You visited 8 branches of the dungeon, and saw 40 of its levels.
You also visited: Sewer, Ossuary and Ice Cave.

You collected 4849 gold pieces.
You spent 345 gold pieces at shops.

Inventory:

Hand Weapons
 A - the +10 eveningstar "Ubrulop" (weapon) {freeze, +Rage rF- SInv Stlth+}
   (Okawaru gifted it to you on level 3 of the Swamp)

   It has been specially enchanted to freeze those struck by it, causing extra
   injury to most foes and up to half again as much damage against particularly
   susceptible opponents.
   It can also slow down cold-blooded creatures.
   It makes you vulnerable to fire.
   It lets you see invisible.
   It lets you go berserk.
   It makes you more stealthy.
 Q - the +1 demon whip of Valiance {drain, +Rage rC+}
   (Okawaru gifted it to you on level 1 of the Lair of Beasts)

   A truly terrible weapon, it drains the life of those it strikes.
   It protects you from cold.
   It lets you go berserk.
Armour
 p - a scarf of cloud immunity
 q - a +2 pair of gloves of strength (worn)
 u - a +0 pair of boots (worn)
 C - a +1 hat of magic resistance
 L - the +0 helmet of the Storm King (worn) {rF+++ MR- Str+7}
   (You found it on level 13 of the Dungeon)

   It affects your strength (+7).
   It renders you almost immune to fire.
   It affects your resistance to hostile enchantments.
 M - a scarf of repulsion (worn)
 V - a +1 plate armour of magic resistance (worn)
 Z - the +9 large shield of Protective Custody (worn) {+Fly}
   (You found it in an ice cave)

   It lets you fly.
Jewellery
 a - an uncursed ring of protection from cold
 k - an uncursed ring of resist corrosion
 r - a ring of protection from magic (left hand)
 y - an uncursed ring of ice
 E - the amulet of Osia (around neck) {Gourm Dex+4}
   (You found it on level 6 of the Lair of Beasts)

   [amulet of the gourmand]

   It allows you to eat raw meat even when not hungry.
   It affects your dexterity (+4).
 R - a +5 ring of protection (right hand)
 S - an uncursed ring of see invisible
Wands
 c - a wand of disintegration (15)
 e - a wand of enslavement (18)
 m - a wand of paralysis (23)
 n - a wand of iceblast (14)
 x - a wand of random effects (13)
 z - a wand of flame (84)
 F - a wand of polymorph (22)
 H - a wand of digging (3)
 K - a wand of scattershot (7)
Scrolls
 h - 2 scrolls of fear
 i - 15 scrolls of remove curse
 l - 14 scrolls of teleportation
 s - 2 scrolls of acquirement
 v - 2 scrolls of amnesia
 w - 5 scrolls of enchant armour
 B - 8 scrolls of magic mapping
 D - 7 scrolls of fog
 N - a scroll of summoning
 O - 2 scrolls of enchant weapon
 P - 8 scrolls of identify
 T - 3 scrolls of brand weapon
 X - a scroll of blinking
Potions
 d - 7 potions of might
 g - 11 potions of ambrosia
 j - 2 potions of resistance
 o - 4 potions of heal wounds
 t - 12 potions of curing
 G - 5 potions of haste
 I - a potion of invisibility
 J - 2 potions of mutation
 U - 2 potions of magic
 Y - 2 potions of cancellation
Comestibles
 b - 4 chunks of flesh
 f - 70 rations


   Skills:
 + Level 16.2(21.2) Fighting
 + Level 19.6(24.6) Maces & Flails
 + Level 16.1(21.1) Armour
 + Level 12.7(17.7) Dodging
 + Level 16.2(21.2) Shields
 + Level 5.7 Spellcasting
 + Level 2.7 Hexes
 + Level 2.5 Air Magic
 - Level 14.8 Invocations
 - Level 13.3 Evocations


You had 28 spell levels left.
You knew the following spells:

 Your Spells              Type           Power        Failure   Level  Hunger
a - Silence               Hex/Air        #.........   100%        5    ######.

Your spell library contained the following spells:

 Spells                   Type           Power        Failure   Level  Hunger
 Confusing Touch          Hex            #.....       30%         1    None
 Corona                   Hex            #......      30%         1    None
 Slow                     Hex            #.......     43%         2    ##.....
 Animate Skeleton         Necr           N/A          67%         1    None
 Apportation              Tloc           #.....       67%         1    None
 Freeze                   Ice            #...         67%         1    None
 Magic Dart               Conj           #...         67%         1    None
 Pain                     Necr           #...         67%         1    None
 Summon Small Mammal      Summ           #...         67%         1    None
 Tukima's Dance           Hex            #.......     67%         3    ###....
 Blink                    Tloc           N/A          82%         2    ##.....
 Call Imp                 Summ           #.......     82%         2    ##.....
 Corpse Rot               Necr           N/A          82%         2    ##.....
 Throw Frost              Conj/Ice       #.....       82%         2    ##.....
 Dazzling Spray           Conj/Hex       #.....       86%         3    ###....
 Static Discharge         Conj/Air       #.......     86%         3    ###....
 Mephitic Cloud           Conj/Pois/Air  #.......     90%         3    ###....
 Conjure Flame            Conj/Fire      #.......     96%         3    ###....
 Ozocubu's Armour         Chrm/Ice       #.......     96%         3    ###....
 Recall                   Summ/Tloc      N/A          96%         3    ###....
 Regeneration             Chrm/Necr      #.........   96%         3    ###....
 Vampiric Draining        Necr           #.........   96%         3    ###....
 Fulminant Prism          Conj/Hex       #.........   99%         4    ####...
 Animate Dead             Necr           N/A          100%        4    ####...
 Force Lance              Conj/Tloc      #.......     100%        4    ####...
 Summon Ice Beast         Ice/Summ       #.......     100%        4    ####...
 Throw Icicle             Conj/Ice       #.......     100%        4    ####...
 Aura of Abjuration       Summ           #.........   100%        5    ######.
 Lightning Bolt           Conj/Air       #.........   100%        5    ######.
 Metabolic Englaciation   Hex/Ice        #.........   100%        5    ######.
 Summon Demon             Summ           #.........   100%        5    ######.
 Summon Forest            Summ/Tloc      #.........   100%        5    ######.
 Summon Mana Viper        Hex/Summ       #.......     100%        5    ######.
 Shadow Creatures         Summ           N/A          100%        6    #######
 Ignition                 Fire           #.........   100%        8    #######
 Shatter                  Erth           #.........   100%        9    #######
 Tornado                  Air            #.........   100%        9    #######


Dungeon Overview and Level Annotations

Branches:
Dungeon (15/15)            Temple (1/1) D:6            Lair (6/6) D:10
  Swamp (4/4) Lair:3       Spider (4/4) Lair:2        Slime (0/5) Lair:5
    Orc (2/2) D:9             Elf (0/3) Orc:2        Vaults (4/5) D:14
  Crypt (0/3) Vaults:3     Depths (4/5) D:15

Altars:
Ashenzari
Cheibriados
Dithmenos
Fedhas
Gozag
Hepliaklqana
Makhleb
Nemelex Xobeh
Okawaru
Qazlal
Ru
Sif Muna
Vehumet
Wu Jian
Yredelemnul
The Shining One

Shops:
D:9 [(   D:11 (   Orc:2 [*(%   Vaults:3 [   Depths:1 ==}   Depths:3 **%[!

Portals:
Hell: Depths:1 Depths:2 Depths:3 Depths:4
Abyss: Depths:3
Pandemonium: Depths:3
Ziggurat: Depths:2

Annotations:
D:9 1 runed translucent door, Door's ghost, journeyman MiFi
D:14 exclusion: Roxanne, Roxanne
Lair:6 exclusion: oklob plant
Swamp:4 Mara
Vaults:1 8 runed translucent doors, Xebbooz's ghost, adept GnWr
Depths:1 1 runed translucent door, Amabost's ghost, veteran GnEn
Depths:2 1 runed translucent door, Dezc2000's ghost, adept TrAs
Depths:3 1 runed door


Innate Abilities, Weirdness & Mutations

You are resistant to torment.
Your stone body is resilient. (AC +17)
You are immune to poison.
Your large and strong wings let you fly indefinitely.
You resist negative energy. (rN+)
You are resistant to electric shocks. (rElec)
You can survive without breathing.
You are immune to petrification.
You are immune to rotting.


Message History

Some rock shatters into small pieces.
The deep troll earth mage misses you.
The deep troll earth mage closely misses you.
The deep troll earth mage claws you but does no damage.
You impale the ice dragon!! You freeze the ice dragon.
The ice dragon is severely wounded.
The ice dragon breathes frost at you. The blast of cold misses you.
You hear a chilling moan.
You hear a hideous shriek!
You closely miss the ice dragon.
The ice dragon is severely wounded.
You block the fire dragon's attack. x3
The boggart casts a spell.
You block the deep troll earth mage's attack.
The deep troll earth mage claws you but does no damage.
The deep troll earth mage barely misses you.
You hit the ice dragon.
The ice dragon is severely wounded.
The ice dragon breathes frost at you. The blast of cold hits you!!!
You die...

******≈*,,,.........****##C
***,,,#.....%..#####TT
**,,+....T...'...Lg)
#####...?T...#....##
#......i..T..#...* *
#.....g.........,* *
#...).iD#####..,,***
#####!TDD.5#,∩,,#.,,***,
#......@T2#.2..,.*+** *,
#.......#.#,,,.,,*,* *,
#.......#,#,,,,,,*,* **
#.......#,*,,,,,,*,* *
#.......#,**,,,,**,* *
#.......#,,**++**,,*
##.....##*,,,,,,,,** **
#.....* ***,,,,*** *,
*,,,,,* ****** *,


You could see a shadow dragon, a fire dragon, an ice dragon, a lorocyproca
(invisible), a spriggan rider, 3 deep trolls, a spriggan air mage, 2 deep troll
earth magi, a boggart and an iron imp.

Vanquished Creatures
  Bai Suzhen (Swamp:3)
  Nikola (Swamp:3)
  2 tentacled monstrosities (Depths:2)
  Rupert (D:12)
  Jorgrun (Spider:2)
  3 liches
  An Ice Fiend (IceCv)
  Gastronok (Lair:2)
  2 sphinxes
  A storm dragon (D:15)
  A thorn hunter (Swamp:2)
  Donald (Swamp:2)
  7 fire giants
  4 tengu reavers
  4 frost giants
  6 ghost moths
  A deep elf sorcerer (Depths:2)
  5 emperor scorpions
  10 vault wardens
  Aizul (Swamp:1)
  22 stone giants
  6 entropy weavers
  A curse skull (Depths:3)
  18 very ugly things
  10 ironheart preservers
  2 vampire knights (Depths:2)
  3 spark wasps
  A dire elephant (shapeshifter) (Depths:1)
  5 fire dragons
  A merfolk impaler (Depths:1)
  10 yaktaur captains
  10 ettins
  10 vault guards
  Erolcha (Orc:2)
  8 rakshasas
  10 great orbs of eyes
  25 hydras
  16 ice dragons
  4 jiangshi
  A shambling mangrove (Swamp:4)
  2 spriggan air magi (Depths:3)
  11 alligators
  A death knight (Vaults:2)
  6 centaur warriors
  A merfolk avatar (Lair:6)
  2 tengu warriors
  13 ogre magi
  4 orc high priests
  3 deep troll earth magi (Depths:2)
  39 two-headed ogres
  9 deep troll shamans
  6 death yaks (Lair:4)
  4 vampire magi
  8 soul eaters (Depths:3)
  Nergalle (D:10)
  4 spriggan berserkers
  4 skeletal warriors (D:14)
  7 deep elf knights
  14 hell knights
  5 iron trolls
  3 unseen horrors
  7 deep trolls
  A shadow wraith (Vaults:2)
  2 sea snakes (Lair:6)
  4 flayed ghosts
  5 wizards
  A glowing orange brain (Depths:3)
  11 swamp dragons
  A spriggan druid (Swamp:3)
  A lindwurm (shapeshifter) (Vaults:3)
  9 harpies
  20 ironbrand convokers
  A wolf spider zombie (D:14)
  9 deep elf magi
  9 deep elf archers
  19 orc knights
  11 orc sorcerers
  22 orb spiders
  9 necromancers
  30 wolf spiders
  2 cyclopes (Vaults:1)
  An orb spider (shapeshifter) (D:15)
  48 ugly things
  A salamander (shapeshifter) (D:13)
  5 elephants (Lair:6)
  3 manticores
  2 moths of wrath
  A salamander (Depths:2)
  16 vault sentinels
  3 black mambas
  A black mamba (shapeshifter) (Vaults:3)
  3 ice statues (IceCv)
  A torpor snail (Lair:6)
  2 naga magi (D:15)
  A spiny frog (shapeshifter) (Vaults:3)
  2 gargoyles (D:13)
  8 rime drakes
  22 spiny frogs
  10 demonic crawlers
  11 komodo dragons
  2 anaconda simulacra (IceCv)
  A tormentor (Depths:3)
  8 freezing wraiths
  6 centaur skeletons
  A kobold demonologist (D:14)
  65 yaktaurs
  12 ice devils
  A hellwing (Depths:3)
  A queen bee (D:10)
  34 jumping spiders
  7 trolls
  A harpy zombie (D:15)
  A tengu conjurer (D:13)
  3 polar bears (Lair:6)
  3 meliai
  Prince Ribbit (Lair:2)
  5 tyrant leeches
  16 hornets
  8 bog bodies
  11 slime creatures
  A blink frog (shapeshifter) (Vaults:3)
  14 hippogriffs
  A meliai zombie (D:15)
  12 dream sheep
  15 blink frogs
  2 hippogriffs (shapeshifter)
  2 shadows (Swamp:1)
  A water elemental (Depths:1)
  42 tarantellas
  A yak (shapeshifter) (Depths:1)
  Sigmund (D:3)
  71 redbacks
  A redback (shapeshifter) (Depths:2)
  4 spriggans
  2 wraiths
  A dire elephant simulacrum (IceCv)
  A spriggan (shapeshifter) (Depths:3)
  6 wyverns
  Eustachio (D:6)
  A human (shapeshifter) (D:13)
  33 yaks
  3 basilisks
  2 humans (D:14)
  2 hungry ghosts
  2 neqoxecs (Depths:3)
  A human simulacrum (Vaults:3)
  21 vampire mosquitoes
  15 swamp worms
  3 harpy simulacra (IceCv)
  4 wargs
  16 insubstantial wisps
  An iron troll simulacrum (IceCv)
  2 acid dragons
  3 hydra simulacra (IceCv)
  19 water moccasins
  Duvessa (D:6)
  13 porcupines
  3 floating eyes (Depths:1)
  A porcupine (shapeshifter) (Depths:3)
  40 orc warriors
  4 sky beasts
  12 swamp drakes
  3 black bears
  5 ice beasts
  A hornet zombie (D:15)
  28 ogres
  An eye of draining (D:12)
  6 necrophages (Swamp:2)
  8 boggarts
  3 wolves (Lair:1)
  25 centaurs
  13 crocodiles
  8 big kobolds
  23 bullfrogs
  3 wyvern zombies
  A glowing shapeshifter simulacrum (Vaults:1)
  2 wyvern skeletons
  8 scorpions
  Dowan (D:6)
  23 killer bees
  10 wights
  2 howler monkeys (D:9)
  9 electric eels
  7 centaur zombies
  7 crimson imps
  7 hounds
  2 bullfrog zombies (D:7)
  7 quasits
  2 iron imps
  6 jellies
  19 orc priests
  Crazy Yiuf (D:2)
  2 human zombies (Ossuary)
  A bullfrog skeleton (D:6)
  4 iguanas
  Natasha (thrice) (D:4)
  26 orc wizards
  9 worker ants
  A hound skeleton (D:4)
  A hound zombie (D:5)
  3 mummies (Ossuary)
  12 adders
  4 gnolls (D:2)
  A howler monkey skeleton (D:4)
  5 river rats (Sewer)
  7 shadow imps
  2 ufetubi
  7 oozes
  2 adder skeletons
  5 worms
  3 leopard geckos
  120 orcs
  6 bats
  9 giant cockroaches
  7 goblins
  8 hobgoblins
  18 jackals
  8 quokkas
  5 ball pythons
  14 frilled lizards
  A gnoll zombie (Ossuary)
  2 goblin zombies (Ossuary)
  48 kobolds
  2 leopard gecko skeletons
  An orc zombie (Ossuary)
  27 rats
  A plant (Lair:2)
1864 creatures vanquished.

Vanquished Creatures (others)
  A ghost moth (Spider:2)
  An alligator (Swamp:3)
  An orb spider (Spider:4)
  A dream sheep (Lair:5)
  An adder (D:9)
  An orc (Orc:1)
  A quokka skeleton (D:9)
  A bush (D:10)
  29 fungi
  77 plants
114 creatures vanquished.

Grand Total: 1978 creatures vanquished

Notes
Turn   | Place    | Note
-------+----------+-------------------------------------------
     0 | D:1      | TrebMcFLY the Gargoyle Fighter began the quest for the Orb.
     0 | D:1      | Reached XP level 1. HP: 14/14 MP: 1/1
    27 | D:1      | Reached XP level 2. HP: 8/19 MP: 2/2
   415 | D:1      | Reached XP level 3. HP: 21/23 MP: 3/3
   991 | D:2      | Reached skill level 3 in Maces & Flails
   991 | D:2      | Reached skill level 1 in Dodging
   991 | D:2      | Reached XP level 4. HP: 12/29 MP: 4/4
  1555 | D:2      | Found a runed translucent door.
  1556 | D:2      | Noticed Crazy Yiuf
  2023 | D:3      | Reached XP level 5. HP: 22/33 MP: 5/5
  2159 | D:3      | Found a glowing drain.
  2203 | Sewer    | Entered a sewer
  2692 | Sewer    | Reached XP level 6. HP: 28/38 MP: 6/6
  2810 | Sewer    | Reached skill level 4 in Maces & Flails
  3581 | D:3      | Noticed Sigmund
  4105 | D:4      | Reached skill level 1 in Evocations
  4105 | D:4      | Reached XP level 7. HP: 21/44 MP: 7/7
  4277 | D:4      | Got a fine ring mail
  4333 | D:4      | Identified the +5 ring mail "Vaene" {*Corrode Int+2 SInv}
                  | (You found it on level 4 of the Dungeon)
  4681 | D:4      | Noticed Natasha
  4693 | D:4      | Killed Natasha
  4767 | D:4      | Reached skill level 5 in Maces & Flails
  4787 | D:4      | Reached skill level 5 in Armour
  4948 | D:4      | Noticed Natasha
  4959 | D:4      | Killed Natasha
  5045 | D:4      | Noticed Natasha
  5052 | D:4      | Killed Natasha
  5083 | D:5      | Entered Level 5 of the Dungeon
  5095 | D:5      | Reached skill level 5 in Fighting
  5174 | D:5      | Reached skill level 5 in Shields
  5174 | D:5      | Reached XP level 8. HP: 36/49 MP: 9/9
  5956 | D:5      | Noticed a hippogriff
  5993 | D:5      | Killed a hippogriff
  5993 | D:5      | Reached skill level 6 in Maces & Flails
  6357 | D:6      | Found a staircase to the Ecumenical Temple.
  6366 | Temple   | Entered the Ecumenical Temple
  6504 | Temple   | Became a worshipper of Warmaster Okawaru
  6541 | D:6      | Noticed Dowan
  6548 | D:6      | Noticed Duvessa
  6559 | Temple   | Reached XP level 9. HP: 46/55 MP: 11/11
  6676 | D:6      | Killed Dowan
  6680 | D:6      | Killed Duvessa
  6815 | D:6      | Noticed Eustachio
  6853 | D:6      | Killed Eustachio
  6853 | D:6      | Reached * piety under Okawaru
  6853 | D:6      | Reached skill level 7 in Maces & Flails
  7344 | D:6      | Found a blossoming altar of Fedhas.
  8073 | D:7      | Reached skill level 1 in Invocations
  8268 | D:8      | Identified a scroll of acquirement
  8329 | D:8      | Reached XP level 10. HP: 61/61 MP: 11/13
  8338 | D:8      | Found a radiant altar of Vehumet.
  8338 | D:8      | Found a sparkling altar of Nemelex Xobeh.
  8338 | D:8      | Found a hazy altar of Hepliaklqana.
  8365 | D:8      | Found a stormy altar of Qazlal.
  8367 | D:8      | Found a shattered altar of Ashenzari.
  8367 | D:8      | Found a glowing golden altar of the Shining One.
  8368 | D:8      | Found an ornate altar of the Wu Jian Council.
  8368 | D:8      | Found a blossoming altar of Fedhas.
  8417 | D:8      | Reached ** piety under Okawaru
  8441 | D:8      | Found a sand-covered staircase.
  8478 | Ossuary  | Entered an ossuary
  8649 | Ossuary  | Reached skill level 8 in Maces & Flails
  9787 | D:8      | Noticed a two-headed ogre
  9883 | D:3      | Killed Sigmund
 10154 | D:2      | Killed Crazy Yiuf
 10329 | D:9      | Found Ygrunt's Weapon Emporium.
 10474 | D:9      | Found Livil's Armour Boutique.
 10476 | D:9      | Found a staircase to the Orcish Mines.
 10611 | D:9      | Reached *** piety under Okawaru
 10786 | D:9      | Found a runed translucent door.
 10786 | D:9      | Noticed Door's ghost (journeyman MiFi)
 11879 | D:10     | Entered Level 10 of the Dungeon
 12042 | D:10     | Reached **** piety under Okawaru
 12042 | D:10     | Reached skill level 9 in Maces & Flails
 12185 | D:10     | Noticed Nergalle
 12206 | D:10     | Killed Nergalle
 12206 | D:10     | Reached skill level 5 in Evocations
 12206 | D:10     | Reached XP level 11. HP: 63/67 MP: 11/14
 12354 | D:10     | Found a staircase to the Lair.
 12527 | D:10     | Reached ***** piety under Okawaru
 12527 | D:10     | Reached skill level 5 in Dodging
 13065 | D:10     | Received a gift from Okawaru
 13337 | Lair:1   | Entered Level 1 of the Lair of Beasts
 13485 | Lair:1   | Reached skill level 10 in Maces & Flails
 13503 | Lair:1   | Received a gift from Okawaru
 13506 | Lair:1   | Got a transparent demon whip {god gift}
 13508 | Lair:1   | Identified the +1 demon whip of Valiance {drain, +Rage rC+}
                  | (Okawaru gifted it to you on level 1 of the Lair of Beasts)
 14108 | Lair:2   | Noticed Gastronok
 14140 | Lair:2   | Noticed a wolf spider
 14141 | Lair:2   | Noticed a wolf spider
 14161 | Lair:1   | Killed a wolf spider
 14172 | Lair:1   | Killed a wolf spider
 14256 | Lair:2   | Reached skill level 5 in Invocations
 14299 | Lair:2   | Reached XP level 12. HP: 63/75 MP: 16/16
 14687 | Lair:2   | Noticed Prince Ribbit
 14714 | Lair:2   | Killed Prince Ribbit
 14935 | Lair:2   | Got a turquoise-encrusted ring mail
 14955 | Lair:2   | Found a hole to the Spider Nest.
 15337 | Lair:3   | Received a gift from Okawaru
 15618 | Lair:3   | Noticed a six-headed hydra
 15622 | Lair:3   | Reached skill level 11 in Maces & Flails
 15628 | Lair:3   | Killed a six-headed hydra
 15644 | Lair:3   | Noticed a six-headed hydra
 15705 | Lair:3   | Killed a six-headed hydra
 16184 | Lair:3   | Found a staircase to the Swamp.
 16448 | Lair:4   | Found a dark tunnel.
 16798 | Lair:4   | Received a gift from Okawaru
 16824 | Lair:4   | Reached XP level 13. HP: 71/80 MP: 18/18
 17236 | Lair:4   | Received a gift from Okawaru
 17243 | Lair:4   | Got a crude chain mail {god gift}
 17790 | Lair:4   | Identified the +0 chain mail "Cuips" {rF+ Int+3} (Okawaru
                  | gifted it to you on level 4 of the Lair of Beasts)
 17959 | Lair:5   | Reached skill level 12 in Maces & Flails
 18666 | Lair:5   | Found a staircase to the Slime Pits.
 18924 | Lair:5   | Reached skill level 10 in Fighting
 19219 | Lair:6   | Entered Level 6 of the Lair of Beasts
 19250 | Lair:5   | Reached skill level 10 in Armour
 19611 | Lair:6   | Reached skill level 10 in Shields
 19734 | Lair:6   | Reached ****** piety under Okawaru
 19868 | Lair:6   | Gained mutation: Your large and strong wings let you fly
                  | indefinitely. [Gargoyle growth]
 19868 | Lair:6   | Reached XP level 14. HP: 46/88 MP: 17/19
 20050 | Lair:6   | Received a gift from Okawaru
 20051 | Lair:6   | Got a bloodstained buckler {god gift}
 20071 | Lair:6   | Identified the +0 buckler of Losaz {rPois} (Okawaru gifted
                  | it to you on level 6 of the Lair of Beasts)
 20520 | Lair:6   | Got a fine zirconium amulet
 21210 | Lair:6   | Reached skill level 13 in Maces & Flails
 22046 | Orc:1    | Entered Level 1 of the Orcish Mines
 22424 | Orc:2    | Entered Level 2 of the Orcish Mines
 23037 | Orc:2    | Received a gift from Okawaru
 23533 | Orc:2    | Noticed a stone giant
 23553 | Orc:2    | Killed a stone giant
 23854 | Orc:2    | Paralysed by an orc sorcerer for 5 turns
 24013 | Orc:2    | Found a staircase to the Elven Halls.
 24058 | Orc:2    | Noticed Erolcha
 24077 | Orc:2    | Killed Erolcha
 24857 | Orc:2    | Received a gift from Okawaru
 25307 | Orc:2    | Found Rifipsaopn's Antique Armour Boutique.
 25312 | Orc:2    | Found Faesuun's Antique Weapon Shoppe.
 25319 | Orc:2    | Found Haraw's Food Shoppe.
 25342 | Orc:2    | Reached XP level 15. HP: 58/93 MP: 21/21
 25506 | Orc:2    | Found Pudi's General Store.
 25619 | Orc:2    | Bought a shiny large shield for 225 gold pieces
 26094 | D:11     | Found Voippol's Weapon Boutique.
 26167 | D:11     | Identified the amulet of Osia {Gourm Dex+4} (You found it
                  | on level 6 of the Lair of Beasts)
 27056 | D:12     | Noticed Rupert
 27081 | D:12     | Killed Rupert
 27161 | D:12     | You fall through a shaft for 2 floors!
 27699 | D:12     | Reached skill level 14 in Maces & Flails
 29367 | D:13     | Noticed a fire giant
 29382 | D:13     | Killed a fire giant
 29673 | D:13     | Received a gift from Okawaru
 29684 | D:13     | Identified the Catalogue of Ensnaring Necromancy
 29785 | D:13     | Noticed a tengu reaver
 29806 | D:13     | Killed a tengu reaver
 29874 | D:13     | Got a faintly humming helmet
 29886 | D:13     | Identified the +0 helmet of the Storm King {rF+++ MR-
                  | Str+7} (You found it on level 13 of the Dungeon)
 30443 | D:14     | Reached XP level 16. HP: 100/100 MP: 23/23
 30839 | D:14     | Noticed Roxanne
 31185 | D:14     | Reached skill level 10 in Invocations
 31219 | D:14     | Found a gate to the Vaults.
 31340 | D:15     | Entered Level 15 of the Dungeon
 32263 | D:15     | Found a staircase to the Depths.
 32268 | D:15     | Received a gift from Okawaru
 32631 | Swamp:1  | Entered Level 1 of the Swamp
 32991 | Swamp:1  | Noticed Aizul
 33015 | Swamp:1  | Killed Aizul
 33191 | Swamp:1  | Reached skill level 15 in Maces & Flails
 33476 | Swamp:1  | Identified the Guide on Ensnaring Displacement
 33951 | Swamp:2  | Noticed Donald
 33962 | Swamp:2  | Killed Donald
 34239 | Swamp:2  | Noticed a thorn hunter
 34254 | Swamp:2  | Killed a thorn hunter
 34523 | Swamp:2  | Received a gift from Okawaru
 34917 | Swamp:3  | Reached XP level 17. HP: 100/107 MP: 22/25
 34965 | Swamp:3  | Noticed Bai Suzhen
 34985 | Swamp:3  | Killed Bai Suzhen
 34985 | Swamp:3  | Reached skill level 10 in Evocations
 35259 | Swamp:3  | Received a gift from Okawaru
 35262 | Swamp:3  | Got a pitted eveningstar {god gift}
 35304 | Swamp:3  | Identified the +10 eveningstar "Ubrulop" {freeze, +Rage rF-
                  | SInv Stlth+} (Okawaru gifted it to you on level 3 of the
                  | Swamp)
 35434 | Swamp:3  | Noticed Nikola
 35472 | Swamp:3  | Killed Nikola
 35874 | Swamp:4  | Entered Level 4 of the Swamp
 36748 | Swamp:4  | Received a gift from Okawaru
 36765 | Swamp:4  | Got a decaying rune of Zot
 36865 | Swamp:4  | Noticed Mara
 36963 | Swamp:4  | Noticed TrebMcFLY's illusion
 37188 | Spider:1 | Entered Level 1 of the Spider Nest
 37438 | Lair:2   | Killed Gastronok
 37438 | Lair:2   | Reached skill level 16 in Maces & Flails
 38141 | Spider:1 | Received a gift from Okawaru
 39028 | Spider:1 | Reached XP level 18. HP: 114/114 MP: 26/26
 39329 | Spider:2 | Noticed Jorgrun
 39345 | Spider:2 | Killed Jorgrun
 39403 | Spider:2 | Reached skill level 10 in Dodging
 39464 | Spider:2 | Found a frozen archway.
 39479 | IceCv    | Entered an ice cave
 39939 | IceCv    | Noticed an Ice Fiend
 39957 | IceCv    | Killed an Ice Fiend
 40239 | IceCv    | Got a faintly humming large shield
 40281 | IceCv    | Identified the +9 large shield of Protective Custody {+Fly}
                  | (You found it in an ice cave)
 41366 | Spider:3 | Received a gift from Okawaru
 42124 | Spider:4 | Entered Level 4 of the Spider Nest
 43368 | Spider:4 | Reached skill level 17 in Maces & Flails
 43390 | Spider:4 | Reached XP level 19. HP: 120/120 MP: 0/28
 43626 | Spider:4 | Received a gift from Okawaru
 43799 | Spider:4 | Got a gossamer rune of Zot
 44337 | Vaults:1 | Entered Level 1 of the Vaults
 44442 | Vaults:1 | Found a large runed translucent door.
 44442 | Vaults:1 | Found a large runed translucent door.
 44442 | Vaults:1 | Found a large runed translucent door.
 44442 | Vaults:1 | Found a large runed translucent door.
 44442 | Vaults:1 | Found a large runed translucent door.
 44442 | Vaults:1 | Found a large runed translucent door.
 44442 | Vaults:1 | Found a large runed translucent door.
 44442 | Vaults:1 | Found a large runed translucent door.
 44442 | Vaults:1 | Noticed Xebbooz's ghost (adept GnWr)
 45276 | Vaults:1 | You are sucked into a shaft!
 46388 | Vaults:2 | Received a gift from Okawaru
 47215 | Vaults:2 | Reached XP level 20. HP: 114/127 MP: 29/29
 47220 | Vaults:2 | Received a gift from Okawaru
 47428 | Vaults:2 | Paralysed by an ogre mage for 3 turns
 48420 | Vaults:3 | Reached skill level 18 in Maces & Flails
 48626 | Vaults:3 | Received a gift from Okawaru
 49333 | Vaults:3 | Found a staircase to the Crypt.
 49562 | Vaults:3 | Found Waega's Armour Emporium.
 51180 | Vaults:4 | Reached XP level 21. HP: 120/133 MP: 29/31
 51654 | Vaults:4 | Received a gift from Okawaru
 51892 | Vaults:4 | Reached skill level 15 in Fighting
 51892 | Vaults:4 | Reached skill level 15 in Shields
 53301 | Depths:1 | Entered Level 1 of the Depths
 53311 | D:15     | Reached skill level 15 in Armour
 53690 | Depths:1 | Noticed Amabost's ghost (veteran GnEn)
 53710 | Depths:1 | Found a runed translucent door.
 53805 | Depths:1 | Reached skill level 1 in Spellcasting
 54092 | Depths:1 | Paralysed by a floating eye for 2 turns
 54187 | Depths:1 | Reached skill level 19 in Maces & Flails
 54896 | Depths:1 | Paralysed by a floating eye for 3 turns
 55001 | Depths:1 | Found a gateway to Hell.
 55070 | Depths:1 | Found Qaiteefu's Jewellery Shoppe.
 55071 | Depths:1 | Found Nolunt's Gadget Shop.
 55073 | Depths:1 | Found Jirucora's Jewellery Shoppe.
 55286 | Depths:2 | Received a gift from Okawaru
 55315 | Depths:2 | Reached XP level 22. HP: 140/140 MP: 32/32
 55776 | Depths:2 | Found a shattered altar of Ashenzari.
 56313 | Depths:2 | Received a gift from Okawaru
 56726 | Depths:2 | Found a gateway to a ziggurat.
 56757 | Depths:2 | Found a runed translucent door.
 56757 | Depths:2 | Noticed Dezc2000's ghost (adept TrAs)
 57292 | Depths:2 | Paralysed by a great orb of eyes for 4 turns
 57672 | Depths:2 | Received a gift from Okawaru
 57687 | Depths:2 | Got a pair of shimmering gloves {god gift}
 57899 | Depths:2 | Identified the +2 pair of gloves of Time Monsters {rF-
                  | Dex+6} (Okawaru gifted it to you on level 2 of the Depths)
 58058 | Depths:2 | Learned a level 5 spell: Silence
 58132 | Depths:3 | Found a one-way gate to the infinite horrors of the Abyss.
 58287 | Depths:3 | Reached skill level 1 in Hexes
 58304 | Depths:2 | Reached XP level 23. HP: 116/146 MP: 31/34
 58416 | Depths:3 | Reached skill level 1 in Air Magic
 58444 | Depths:3 | Reached skill level 5 in Spellcasting
 58459 | Depths:3 | Found Veipneqiri's Assorted Antiques.
 58508 | Depths:3 | Found Puituck's General Store.
 59158 | Depths:3 | Found a one-way gate leading to the halls of Pandemonium.
 59268 | Depths:3 | Found Pothremm's Food Shop.
 59427 | Depths:3 | Identified Sif Muna's Disquisition on Poison and
                  | Bewitchment
 59492 | Depths:3 | Found Ulustopi's Distillery.
 59496 | Depths:3 | Bought a potion of mutation for 120 gold pieces
 59785 | Depths:3 | Found Aphon's Antique Armour Shoppe.
 60175 | Depths:3 | Found a runed door.
 60201 | Depths:3 | Received a gift from Okawaru
 60383 | Depths:4 | Killed from afar by an ice dragon

Skill      XL: |  1  2  3  4  5  6  7  8  9 10 11 12 13 14 15 16 17 18 19 20 21 22 23 |
---------------+----------------------------------------------------------------------+-----
Maces & Flails | 3 4 5 6 7 9 10 11 12 13 14 15 16 17 18 19 | 19.6
Dodging        | 1 2 3 4 5 6 7 8 9 10 11 12 | 12.7
Armour         | 4 5 6 7 8 9 10 11 12 13 14 15 16 | 16.1
Fighting       | 4 5 6 7 8 9 10 11 12 13 14 15 16 | 16.2
Shields        | 4 5 6 7 8 9 10 11 12 13 14 15 16 | 16.2
Evocations     | 1 2 3 4 5 6 7 8 9 10 11 12 13 | 13.3
Invocations    | 1 3 5 6 7 8 9 10 11 12 13 14 | 14.8
Spellcasting   | 2 4 5 |  5.7
Hexes          | 1 2 |  2.7
Air Magic      | 2 |  2.5

Action                   |  1- 3 |  4- 6 |  7- 9 | 10-12 | 13-15 | 16-18 | 19-21 | 22-24 || total
-------------------------+-------+-------+-------+-------+-------+-------+-------+-------++-------
Melee: Flail             |   112 |   440 |   567 |   201 |       |       |       |       ||  1320
       Morningstar       |       |       |       |   632 |       |       |       |       ||   632
       Whip              |       |       |       |    64 |       |       |       |       ||    64
       Demon whip        |       |       |       |   437 |  1820 |   752 |    17 |       ||  3026
       Eveningstar       |       |       |       |       |       |   899 |  1512 |   807 ||  3218
Throw: Tomahawk          |       |       |       |       |       |     1 |       |       ||     1
Invok: Heroism           |       |       |       |    14 |    33 |    18 |    18 |    11 ||    94
       Finesse           |       |       |       |     2 |     6 |     2 |     7 |     6 ||    23
 Abil: Evoke Berserk Rag |       |       |       |       |    10 |    13 |     9 |     1 ||    33
       Fly               |       |       |       |       |     1 |       |       |       ||     1
Evoke: Wand              |       |       |     4 |       |       |       |       |       ||     4
  Use: Scroll            |       |     4 |    10 |     5 |     8 |    10 |     6 |     3 ||    46
       Potion            |       |       |       |       |       |       |     2 |     2 ||     4
 Stab: Confused          |       |       |       |       |       |     1 |       |       ||     1
  Eat: Chunk             |       |    12 |    12 |    36 |    56 |    54 |    48 |    16 ||   234
       Ration            |       |       |     1 |       |       |       |       |       ||     1
Armor: Scale mail        |    81 |   262 |       |       |       |       |       |       ||   343
       Chain mail        |       |    24 |   317 |       |       |       |       |       ||   341
       Plate armour      |       |       |   107 |   746 |   617 |   791 |   392 |   252 ||  2905
Dodge: Dodged            |    36 |   184 |   142 |   462 |   352 |   491 |   423 |   174 ||  2264
       Deflected         |       |       |       |       |       |       |       |     5 ||     5
Block: Shield            |    58 |   276 |   333 |   797 |   531 |       |       |       ||  1995
       Large shield      |       |       |       |       |   503 |  2004 |  2247 |  1007 ||  5761
